 Dungeon Crawl Stone Soup version 0.25-a0-290-g4a1327ee3a (webtiles) character file.

Game seed: 4105060289757821599, levelgen mode: classic

357 Borgoz the Cutter (level 6, -1/40 HPs)
             Began as a Kobold Fighter on Dec 14, 2019.
             Killed from afar by an orc wizard (8 damage)
             ... with a magic dart
             ... on level 3 of the Dungeon.
             The game lasted 00:03:57 (2546 turns).

Borgoz the Cutter (Kobold Fighter)                  Turns: 2546, Time: 00:03:57

Health: -1/40      AC:  8    Str: 15    XL:     6   Next: 96%
Magic:  6/6        EV: 13    Int: 10    God:
Gold:   139        SH:  0    Dex: 14    Spells: 5/5 levels left

rFire    + . .     SeeInvis .   m - +1 dagger (speed)
rCold    + . .     Gourm    .   (shield restricted)
rNeg     . . .     Faith    .   b - +0 scale mail
rPois    .         Spirit   .   (no helmet)
rElec    .         Reflect  .   (no cloak)
rCorr    .         Harm     .   (no gloves)
MR       +....                  h - +0 pair of boots
Stlth    ..........             (no amulet)
HPRegen  0.13/turn              (no ring)
MPRegen  0.10/turn              (no ring)

@: confused
A: small, carnivore, cold resistance 1, fire resistance 1, magic resistance 1
a: no special abilities


You were on level 3 of the Dungeon.
You were completely stuffed.

You visited 1 branch of the dungeon, and saw 3 of its levels.

You collected 139 gold pieces.

Inventory:

Hand Weapons
 a - a +0 rapier
 m - a +1 dagger of speed (weapon)
Armour
 b - a +0 scale mail (worn)
 h - a +0 pair of boots (worn)
Scrolls
 e - a scroll of amnesia {unknown}
 i - 3 scrolls of identify {unknown}
 j - 2 scrolls of remove curse {unknown}
Potions
 d - a potion of berserk rage {unknown}
 k - 2 potions of flight {unknown}
 l - a potion of agility {unknown}
Comestibles
 f - 2 rations
 g - 3 chunks of flesh


   Skills:
 + Level 4.8 Fighting
 + Level 5.1 Short Blades
 + Level 3.6 Armour
 + Level 3.5 Dodging
   Level 2.4 Shields


You had 5 spell levels left.
You didn't know any spells.
Your spell library was empty.

Dungeon Overview and Level Annotations

Branches:
Dungeon (3/15)

Altars:
Elyvilon


Innate Abilities, Weirdness & Mutations

You are small and have problems with some larger weapons.
You are carnivorous and can eat meat at any time.
Your flesh is cold resistant. (rC+)
Your flesh is heat resistant. (rF+)
You are resistant to hostile enchantments. (MR+)


Message History

* * * LOW HITPOINT WARNING * * *
The orc wizard barely misses you.
It was a potion of ambrosia.
You are confused.
You feel invigorated.
The orc wizard gestures at you while chanting.
The magic dart hits you.
* * * LOW HITPOINT WARNING * * *
The orc wizard hits you but does no damage.
You bump into the rock wall.
The orc wizard hits you with a +0 dagger of flaming.
* * * LOW HITPOINT WARNING * * *
The orc wizard hits you with a +0 dagger.
* * * LOW HITPOINT WARNING * * *
The orc wizard mumbles some strange words.
The orc wizard blinks!
You bump into the rock wall.
The orc wizard gestures at you while chanting.
The magic dart hits you!
You die...

#.#...)........###.#
#[#.###.##.........
#(......##.....###.
###.#######....# #.#
#..#.###.# #######<#
#........# #.......#
##.###### #.#####.#
##)## #>#####)# #@..#
#.##....# #.o...#
#.##.#..# #.......#
##.##....####.........#
.....)......+.........+
.#........###.........#
.##.#.#.#.# ##.....o.##
.##.#.###.# ##.......
.##.#...#


You could see 2 orc wizards.

Vanquished Creatures
  Sigmund (D:2)
  A big kobold (D:3)
  Terence (D:3)
  3 adders (D:2)
  2 oozes
  2 leopard geckos (D:2)
  5 orcs
  6 bats
  10 goblins
  9 hobgoblins
  3 jackals (D:1)
  15 kobolds
  3 frilled lizards
  6 rats
67 creatures vanquished.

Notes
Turn   | Place    | Note
-------+----------+-------------------------------------------
     0 | D:1      | Borgoz the Kobold Fighter began the quest for the Orb.
     0 | D:1      | Reached XP level 1. HP: 14/14 MP: 1/1
    54 | D:1      | Reached XP level 2. HP: 19/19 MP: 2/2
    56 | D:1      | Reached skill level 3 in Short Blades
   137 | D:1      | Reached skill level 1 in Dodging
   315 | D:1      | Reached XP level 3. HP: 23/23 MP: 3/3
  1138 | D:2      | HP: 1/24 [orc/+0 short sword (6)]
  1203 | D:2      | Reached XP level 4. HP: 16/29 MP: 4/4
  1361 | D:2      | Noticed Sigmund
  1386 | D:2      | Gained mutation: You occasionally shout uncontrollably at
                  | your foes. [potion of mutation]
  1386 | D:2      | Gained mutation: Your mind is acute. (Int +2) [potion of
                  | mutation]
  1387 | D:2      | Killed Sigmund
  1387 | D:2      | Reached skill level 4 in Short Blades
  1387 | D:2      | Reached XP level 5. HP: 9/34 MP: 5/5
  1387 | D:2      | Reached XP level 6. HP: 11/39 MP: 6/6
  1600 | D:2      | Lost mutation: You occasionally shout uncontrollably at
                  | your foes. [potion of mutation]
  1600 | D:2      | Lost mutation: Your mind is acute. (Int +2) [potion of
                  | mutation]
  1600 | D:2      | Gained mutation: You are resistant to hostile enchantments.
                  | (MR+) [potion of mutation]
  1600 | D:2      | Gained mutation: Your flesh is cold resistant. (rC+)
                  | [potion of mutation]
  1600 | D:2      | Gained mutation: Your flesh is heat resistant. (rF+)
                  | [potion of mutation]
  1689 | D:2      | Found a white marble altar of Elyvilon.
  2291 | D:3      | Reached skill level 5 in Short Blades
  2417 | D:3      | Noticed Terence
  2441 | D:3      | Killed Terence
  2546 | D:3      | Killed from afar by an orc wizard

Levels and vault maps discovered:
D:1:      ncdulo_smallfort, layout_basic, minmay_misc_feat_rows, minmay_ruptured
D:2:      layout_loops_ring, elyvilon_altar_5, guppyfry_early_orc_mine,
          uniq_sigmund
D:3:      cheibrodos_thug_alley, layout_loops_corners, lemuel_round_altar,
          kiku_gazebo_pond_becter, minmay_quantized, uniq_terence

Skill      XL: |  1  2  3  4  5  6 |
---------------+-------------------+-----
Short Blades   | 3 4 5 |  5.1
Dodging        | 1 3 |  3.5
Fighting       | 4 |  4.8
Armour         | 3 |  3.6
Shields        | |  2.4

Action                   |  1- 3 |  4- 6 || total
-------------------------+-------+-------++-------
Melee: Rapier            |   127 |   121 ||   248
       Dagger            |       |    71 ||    71
  Use: Potion            |     3 |     4 ||     7
  Eat: Chunk             |     9 |     5 ||    14
Armor: Scale mail        |    43 |    67 ||   110
Dodge: Dodged            |    49 |   124 ||   173
Block: Shield            |    68 |       ||    68

Table legend:
 A = Non-vault XP
 B = Vault XP
 C = Vault XP percentage of total XP
 D = Non-vault monster count
 E = Vault monster count
 F = Vault count percentage of total count
                 A         B        C        D         E       F
            +---------+---------+-------+---------+---------+-------
      Total |     124 |     386 |  75.7 |      46 |      21 |  31.3
            +---------+---------+-------+---------+---------+-------
        D:1 |      36 |       4 |  10.0 |      19 |       2 |   9.5
        D:2 |      71 |     237 |  76.9 |      18 |       8 |  30.8
        D:3 |      17 |     145 |  89.5 |       9 |      11 |  55.0
            +---------+---------+-------+---------+---------+-------
